AoeStats
← haris.hadziabdic

Arena

508172023Analyzed
1v1 RM · 11d ago on Sep 21, 2026· 50m 40s· 2 players
Game mode
Random Map
Map size
Tiny (2 player)
Population
200
Speed
Normal
Resources
Standard
Victory
Conquest
Starting age
Dark Age
Ending age
Imperial Age
RankedLock teamsTeams togetherTeam positionsShared explorationLock speedFull tech treeHidden civsTurbo modeCheats
Victory
Defeat
🇨🇳 Spanish · China
729
+17
🇺🇸 Teutons · United States
670
-13
haris.hadziabdic
8:13 Loom
10:04 Feudal Age
15:48 Castle Age
14:59 Double-Bit Axe
17:59 Fervor
18:12 Sanctity
24:54 Fletching
28:16 Bodkin Arrow
33:41 Bow Saw
36:00 Gold Mining
40:32 Imperial Age
38:39 Wheelbarrow
37:49 Town Watch
45:58 Chemistry
one a fish
9:58 Feudal Age
15:28 Castle Age
13:59 Stone Mining
14:46 Loom
14:52 Double-Bit Axe
16:51 Horse Collar
19:01 Gold Mining
26:07 Bow Saw
26:36 Padded Archer Armor
32:05 Wheelbarrow
33:07 Heavy Plow
34:42 Leather Archer Armor
34:18 Fletching
37:02 Hand Cart
39:50 Imperial Age
41:39 Stone Shaft Mining
42:06 Two-Man Saw
41:34 Bloodlines
41:25 Husbandry
40:46 Cavalier
42:03 Town Watch
42:52 Forging
42:48 Scale Barding Armor
42:44 Scale Mail Armor
42:40 Bodkin Arrow
43:15 Ring Archer Armor
46:07 Chain Barding Armor
46:23 Iron Casting
46:04 Chain Mail Armor
46:11 Paladin
49:04 Town Patrol
50:41 Chemistry
50:57 Thumb Ring
Connection lost

Rejoining the realm…

Still unreachable

The connection could not be restored.

Session expired

The server has moved on; the page needs a fresh start.